 Dungeon Crawl Stone Soup version 0.21.0-3-g78d12a8 (webtiles) character file.

3314 MTVSty1e the Cleaver (level 9, -4/74 HPs)
             Began as a Grey Draconian Gladiator on Jan 9, 2018.
             Was a Believer of Okawaru.
             Splashed by a brown ugly thing's acid (10 damage)
             ... on level 7 of the Dungeon.
             The game lasted 00:13:42 (7103 turns).

MTVSty1e the Cleaver (Grey Draconian Gladiator)     Turns: 7103, Time: 00:13:43

Health: -4/74      AC: 10    Str: 20    XL:     9   Next: 70%
Magic:  6/9        EV: 12    Int:  9    God:    Okawaru [**....]
Gold:   418        SH: 14    Dex: 12    Spells: 8/8 levels left

rFire    . . .     SeeInvis .   a - +1 war axe
rCold    . . .     Gourm    .   z - +0 large shield
rNeg     . . .     Faith    .   (armour unavailable)
rPois    .         Spirit   .   b - +1 hat
rElec    .         Reflect  .   (no cloak)
rCorr    .         Harm     .   (no gloves)
MR       .....                  w - +0 pair of boots
Stlth    ++++......             (no amulet)
HPRegen  0.22/turn              (no ring)
MPRegen  0.11/turn              m - ring of stealth

@: heroism, corroded
A: walk through water, unfitting armour, unbreathing, cold-blooded, AC +12
a: Heroism, Renounce Religion


You were on level 7 of the Dungeon.
You worshipped Okawaru.
Okawaru was pleased with you.
You were not hungry.

You visited 2 branches of the dungeon, and saw 8 of its levels.
You also visited: Sewer.

You collected 418 gold pieces.

Inventory:

Hand Weapons
 a - a +1 war axe (weapon)
 e - a +2 whip of flaming
Missiles
 c - 4 throwing nets (quivered)
Armour
 b - a +1 hat (worn)
 w - a +0 pair of boots (worn)
 z - a +0 large shield (worn)
Jewellery
 m - a ring of stealth (right hand)
 s - an uncursed ring of protection from magic
Scrolls
 j - 2 scrolls of teleportation
 k - 2 scrolls of amnesia
 q - a scroll of enchant armour
 u - a scroll of fog
 y - a scroll of blinking
Potions
 g - a potion of flight {unknown}
 h - a potion of lignification
 i - 3 potions of curing
 o - a potion of mutation {unknown}
 p - 2 potions of invisibility
 r - a potion of agility {unknown}
 v - a potion of degeneration {unknown}
Books
 f - a book of Misfortune

   Spells                             Type                      Level
   a - Confusing Touch                Hexes                        1
   b - Confuse                        Hexes                        3
   c - Gell's Gravitas                Translocation                3
   d - Petrify                        Transmutation/Earth          4
   e - Metabolic Englaciation         Hexes/Ice                    5
   f - Yara's Violent Unravelling     Hexes/Transmutation          5
Comestibles
 d - 4 rations


   Skills:
 + Level 5.5(10.5) Fighting
 * Level 12.9(17.9) Axes
 - Level 1.7(6.7) Throwing
 - Level 2.6(7.6) Dodging


You had 8 spell levels left.
You didn't know any spells.

Dungeon Overview and Level Annotations

Branches:
Dungeon (7/15)             Temple (1/1) D:5

Altars:
Ashenzari
Cheibriados
Dithmenos
Elyvilon
Fedhas
Gozag
Hepliaklqana
Kikubaaqudgha
Nemelex Xobeh
Okawaru
Qazlal
Ru
Sif Muna
Trog
Uskayaw
Vehumet
Xom
Zin
The Shining One

Shops:
D:5 ?   D:6 ?


Innate Abilities, Weirdness & Mutations

You can walk through water.
Your dull iron-grey scales are very hard. (AC +12)
You cannot fit into any form of body armour.
You can survive without breathing.
You are cold-blooded and may be slowed by cold attacks.


Message History

The brown ugly thing trunk-slaps you.
You are splashed with acid!
The acid burns!
You are too injured to fight recklessly!
You slash the brown ugly thing!
Your tail-slap misses the brown ugly thing.
The brown ugly thing is almost dead.
You block the brown ugly thing's attack.
You gain the combat prowess of a mighty hero.
The brown ugly thing trunk-slaps you!
You are splashed with acid!
The acid burns!
* * * LOW HITPOINT WARNING * * *
You barely miss the brown ugly thing.
The brown ugly thing is almost dead.
A shadow imp comes into view.
You closely miss the brown ugly thing.
The brown ugly thing is almost dead.
The brown ugly thing trunk-slaps you!
* * * LOW HITPOINT WARNING * * *
You are splashed with acid!
The acid burns!
You die...

#.# #. #.# #. #.#
.#####.## #.#
.....$..# #.#
.5.$....# #.#
........###รท#
..........#)##########
.......u@.....>......#
.../....#)#.##)#####.#
........#.#.##<....#.#
........#.#.##[###.#.#
............##.# #.#.#
........#...##)###.#.#
........#....)...(.#.#
........#.#.##.#####.#
..$...o.#............#


You could see a brown ugly thing and a shadow imp (wandering).

Vanquished Creatures
  Pikel (D:3)
  The ghost of jazmu the Magician, a novice OpAK of Lugonu (D:5)
  Grinder (D:6)
  Sigmund (D:4)
  Menkaure (D:6)
  2 black bears (D:6)
  3 ogres
  A phantom (D:7)
  A centaur (D:6)
  A crocodile (Sewer)
  A big kobold (D:6)
  A scorpion (D:6)
  6 killer bees
  4 wights (D:7)
  7 howler monkeys (D:7)
  2 bullfrog zombies
  3 crimson imps
  2 orc priests
  A bullfrog skeleton (D:5)
  2 orc wizards (D:3)
  7 worker ants
  An iguana (D:6)
  A hound skeleton (D:6)
  3 gnolls (D:5)
  4 adders
  A shadow imp (D:5)
  An adder zombie (D:7)
  An adder skeleton (D:5)
  4 worms
  2 dart slugs
  3 leopard geckos
  23 orcs
  2 ball pythons (D:3)
  5 bats
  3 giant cockroaches
  4 hobgoblins
  5 jackals
  A quokka (D:4)
  3 frilled lizards
  3 goblins (D:2)
  10 kobolds
  A leopard gecko zombie (D:5)
  6 rats
136 creatures vanquished.

Vanquished Creatures (others)
  A slave (D:4)
  A scorpion (D:4)
  An adder skeleton (D:4)
  3 orcs (D:4)
  A frilled lizard (D:4)
7 creatures vanquished.

Grand Total: 143 creatures vanquished

Notes
Turn   | Place    | Note
-------+----------+-------------------------------------------
     0 | D:1      | MTVSty1e the Draconian Gladiator began the quest for the Orb.
     0 | D:1      | Reached XP level 1. HP: 17/17 MP: 1/1
   882 | D:2      | Reached XP level 2. HP: 24/24 MP: 2/2
  1045 | D:2      | Reached skill level 4 in Axes
  1056 | D:2      | Reached XP level 3. HP: 29/29 MP: 3/3
  1159 | D:2      | Found a sacrificial altar of Ru.
  1515 | D:2      | Found a shimmering altar of Xom.
  1515 | D:2      | Found a sacrificial altar of Ru.
  1520 | D:2      | Found a faded altar of an unknown god.
  1522 | D:2      | Found an ancient bone altar of Kikubaaqudgha.
  1524 | D:2      | Found a shadowy altar of Dithmenos.
  1860 | D:2      | Found a hazy altar of Hepliaklqana.
  2095 | D:3      | Found a glowing drain.
  2103 | D:3      | Reached XP level 4. HP: 36/36 MP: 4/4
  2121 | D:3      | Reached skill level 5 in Axes
  2123 | Sewer    | Entered a sewer
  2248 | Sewer    | Noticed a crocodile
  2267 | Sewer    | Killed a crocodile
  2267 | Sewer    | Reached XP level 5. HP: 25/41 MP: 5/5
  2706 | D:3      | Reached skill level 6 in Axes
  2978 | D:3      | HP: 1/41 [orc/club (4)]
  3263 | D:4      | Noticed a slave
  3265 | D:4      | Noticed a slave
  3266 | D:4      | Noticed a slave
  3266 | D:4      | Noticed Pikel
  3268 | D:4      | Noticed a slave
  3288 | D:3      | Killed Pikel
  3288 | D:3      | Reached skill level 8 in Axes
  3288 | D:3      | Reached XP level 6. HP: 28/48 MP: 6/6
  3288 | D:3      | Your scales start taking on a dull iron-grey colour.
  3288 | D:3      | Reached XP level 7. HP: 32/55 MP: 7/7
  3288 | D:3      | Gained mutation: You can survive without breathing. [Grey Draconian growth]
  3503 | D:4      | Noticed Sigmund
  3560 | D:4      | Killed Sigmund
  3560 | D:4      | Reached skill level 9 in Axes
  4018 | D:5      | Entered Level 5 of the Dungeon
  4031 | D:5      | Found Vopton's Magic Scroll Shoppe.
  4037 | D:5      | Noticed jazmu's ghost (novice OpAK)
  4048 | D:5      | Killed jazmu's ghost
  4048 | D:5      | Reached skill level 10 in Axes
  4048 | D:5      | Reached XP level 8. HP: 58/61 MP: 8/8
  4264 | D:5      | Found a staircase to the Ecumenical Temple.
  4274 | Temple   | Entered the Ecumenical Temple
  4372 | Temple   | Became a worshipper of Warmaster Okawaru
  4840 | D:5      | Reached skill level 11 in Axes
  5013 | D:6      | Found Quodi's Magic Scroll Shoppe.
  5265 | D:6      | Noticed Menkaure
  5278 | D:6      | Killed Menkaure
  5278 | D:6      | Reached * piety under Okawaru
  5628 | D:6      | Found a bloodstained altar of Trog.
  5837 | D:6      | Reached XP level 9. HP: 69/69 MP: 9/9
  5915 | D:6      | Noticed Grinder
  5925 | D:6      | Paralysed by Grinder for 6 turns
  5944 | D:6      | Killed Grinder
  5944 | D:6      | Reached skill level 12 in Axes
  6761 | D:6      | Reached ** piety under Okawaru
  6823 | D:6      | Reached skill level 5 in Fighting
  7068 | D:7      | Noticed a brown ugly thing
  7103 | D:7      | Splashed by a brown ugly thing's acid

Skill      XL: |  1  2  3  4  5  6  7  8  9 |
---------------+----------------------------+-----
Axes           | 4 5 8 10 11 12 | 12.9
Fighting       | 3 5 |  5.5
Throwing       | |  1.7
Dodging        | |  2.6

Action                   |  1- 3 |  4- 6 |  7- 9 || total
-------------------------+-------+-------+-------++-------
Melee: War axe           |    74 |    69 |   325 ||   468
       Tailslap          |     8 |     6 |    38 ||    52
Invok: Heroism           |       |       |     2 ||     2
  Use: Scroll            |     6 |     3 |     8 ||    17
       Potion            |       |     5 |     6 ||    11
 Stab: Sleeping          |     2 |     3 |     6 ||    11
  Eat: Ration            |     1 |     1 |     4 ||     6
       Chunk             |     1 |       |     1 ||     2
Armor: Skin              |    30 |    20 |   146 ||   196
Dodge: Dodged            |    58 |    53 |   137 ||   248
Block: Large shield      |       |       |   104 ||   104
